 Seeded DCSS version 0.29-a0-919-gd064cfad1c (webtiles) character file.

Game seed: 16022134512899868658 (custom seed)

417 mathmaestro the Grave Robber (level 6, 0/46 HPs)
             Began as a Demonspawn Necromancer on July 26, 2022.
             Slain by a killer bee zombie (2 damage)
             ... in an ossuary.
             The game lasted 00:10:48 (4086 turns).

mathmaestro the Grave Robber (DsNe)                 Turns: 4086, Time: 00:10:49

Health: 0/46       AC:  5    Str:  9    XL:     6   Next: 61%
Magic:  20/20      EV: 13    Int: 18    God:
Gold:   303        SH:  3    Dex: 13    Spells: 3/11 levels left

rFire   . . .      SeeInvis +   c - +0 dagger
rCold   . . .      Faith    .   k - +0 buckler
rNeg    . . .      Spirit   .   v - +0 leather armour
rPois   .          Reflect  .   (no helmet)
rElec   .          Harm     .   (no cloak)
rCorr   .          Rampage  .   (no gloves)
Will    .....                   e - +1 pair of boots
Stlth   ++........              (no amulet)
HPRegen 0.15/turn               q - ring of magical power
MPRegen 0.17/turn               t - ring of see invisible

@: hasted, very quick
A: repulsion field 1, powered by death 1
a: no special abilities


You were in an ossuary.
You visited 1 branch of the dungeon, and saw 5 of its levels.
You also visited: Ossuary.

You collected 303 gold pieces.

Inventory:

Hand Weapons
 c - a +0 dagger (weapon)
Armour
 e - a +1 pair of boots (worn)
 k - a +0 buckler (worn)
 v - a +0 leather armour (worn)
Jewellery
 q - a ring of magical power (left hand)
 t - a ring of see invisible (right hand)
Wands
 p - a wand of flame (3)
Scrolls
 i - a scroll of teleportation {unknown}
 j - a scroll of poison
 l - a scroll of summoning
Potions
 a - a potion of lignification {unknown}
 b - a potion of magic
 f - a potion of curing {unknown}
 g - a potion of attraction {unknown}
 h - a potion of flight {unknown}
 m - a potion of mutation {unknown}
 n - a potion of might {unknown}
 o - a potion of haste
 x - a potion of degeneration {unknown}


   Skills:
 + Level 2.8 Fighting
 + Level 2.3 Armour
 - Level 2.0 Dodging
 - Level 2.0 Stealth
 + Level 0.3 Shields
 + Level 3.3 Spellcasting
 + Level 5.5 Necromancy
 + Level 2.4 Evocations


You had 3 spell levels left.
You knew the following spells:

 Your Spells              Type           Power      Damage    Failure   Level
a - Necrotise             Necr           92%        1d8       3%          1
b - Vampiric Draining     Necr           23%        2d7       9%          3
c - Animate Dead          Necr           23%        N/A       30%         4

Your spell library contained the following spells:

 Spells                   Type           Power      Damage    Failure   Level
 Agony                    Necr           23%        N/A       63%         5


Dungeon Overview and Level Annotations

Branches:
Dungeon (5/15)            Ossuary (1/1)
 Temple: D:4-7

Altars:
Dithmenos


Innate Abilities, Weirdness & Mutations

You are surrounded by a mild repulsion field. (EV +2)
You regenerate a little health from kills.


Message History

The puff of flame hits the bog mummy.
The bog mummy is burned terribly!
The bog mummy is heavily damaged.
A killer bee zombie comes into view.
Unknown command.
Aiming: Throw Flame
Press: ? - help, Shift-Dir - straight line, f/p - bog mummy
Aim: a bog mummy (heavily damaged, 86% to hit)
The puff of flame hits the killer bee zombie!
The killer bee zombie is moderately damaged.
The killer bee zombie is engulfed in a cloud of scalding steam.
Unknown command.
Unknown command.
Aiming: Throw Flame
Press: ? - help, Shift-Dir - straight line, f/p - bog mummy
Aim: a bog mummy (heavily damaged, 86% to hit)
The puff of flame hits the killer bee zombie!
The killer bee zombie is severely damaged.
The killer bee zombie hits you.
Unknown command.
Unknown command.
You barely miss the killer bee zombie.
The killer bee zombie is severely damaged.
The killer bee zombie barely misses you. x2
You barely miss the killer bee zombie.
The killer bee zombie is severely damaged.
The killer bee zombie hits you.
The killer bee zombie hits you but does no damage.
You hit the killer bee zombie but do no damage.
The killer bee zombie is severely damaged.
The killer bee zombie misses you.
The killer bee zombie hits you but does no damage.
You hit the killer bee zombie.
The killer bee zombie is severely damaged.
The killer bee zombie hits you but does no damage.
The killer bee zombie hits you.
You feel yourself speed up. The killer bee zombie hits you.
The bog mummy hits you!
* * * LOW HITPOINT WARNING * * *
The killer bee zombie hits you.
You die...

#####
#@..#
#ZM.#
#...#
##≈##
≈.≈
.#≈#
#M .#
## ≈≈
≈#


You could see a bog mummy and a killer bee zombie.

Vanquished Creatures
  Sigmund (D:2)
  A jelly (D:5)
  A hound (D:4)
  A mummy (Ossuary)
  An iguana (D:5)
  A hound zombie (D:4)
  2 adders
  An adder zombie (D:4)
  6 dart slugs (D:1)
  2 orcs
  5 endoplasms
  3 giant cockroaches
  10 goblins
  9 hobgoblins
  4 jackals (D:1)
  4 quokkas
  3 ball pythons
  6 bats
  A frilled lizard (D:1)
  3 kobolds (D:3)
  4 rats
69 creatures vanquished.

Vanquished Creatures (collateral kills)
  A hound skeleton (D:4)
  A howler monkey skeleton (D:4)
  A bat (D:1)
  A frilled lizard (D:2)
4 creatures vanquished.

Vanquished Creatures (others)
  A withered plant (Ossuary)
1 creature vanquished.

Grand Total: 74 creatures vanquished

Notes
Turn   | Place    | Note
-------+----------+-------------------------------------------
     0 | D:1      | mathmaestro the Demonspawn Necromancer began the quest for
                  | the Orb.
     0 | D:1      | Reached XP level 1. HP: 13/13 MP: 3/3
   286 | D:1      | Gained mutation: You are surrounded by a mild repulsion
                  | field. (EV +2) [demonic ancestry]
   286 | D:1      | Reached XP level 2. HP: 17/20 MP: 1/5
   644 | D:1      | Reached skill level 1 in Fighting
   707 | D:1      | Found a faded altar of an unknown god.
   852 | D:1      | Reached XP level 3. HP: 26/26 MP: 2/6
   893 | D:1      | Learned a level 3 spell: Vampiric Draining
  1828 | D:2      | Noticed Sigmund
  1900 | D:2      | Killed Sigmund
  1901 | D:2      | Reached skill level 1 in Armour
  1901 | D:2      | Reached skill level 5 in Necromancy
  1901 | D:2      | Reached skill level 1 in Evocations
  1901 | D:2      | Reached XP level 4. HP: 19/33 MP: 3/8
  1901 | D:2      | Gained mutation: You regenerate a little health from kills.
                  | [demonic ancestry]
  1901 | D:2      | Reached XP level 5. HP: 22/38 MP: 3/9
  2797 | D:2      | Learned a level 4 spell: Animate Dead
  3114 | D:3      | Found a shadowy altar of Dithmenos.
  3655 | D:4      | Reached XP level 6. HP: 40/46 MP: 10/10
  3842 | D:5      | Entered Level 5 of the Dungeon
  4066 | D:4      | Found a sand-covered staircase.
  4070 | Ossuary  | Entered an ossuary
  4086 | Ossuary  | HP: 2/46 [bog mummy (14)]
  4086 | Ossuary  | Slain by a killer bee zombie

Illustrated notes

Levels and vault maps discovered:
D:1:      amcnicky_arrival_feature_with_door, layout_basic,
          shapermc_ecumenical_altar_venn
D:2:      layout_basic, grunt_ministairs_15, uniq_sigmund
D:3:      layout_rooms, mainiacjoe_overflow_paths, nicolae_hexahallways,
          lemuel_old_faithful
D:4:      minmay_general_purpose_star, layout_loops_ring, serial_undead,
          serial_undead_c, serial_undead_c, serial_undead_a, serial_undead_b,
          serial_undead_d, nicolae_ossuary_entry_false_entrances
D:5:      layout_rooms, mainiacjoe_overflow_tiny_flanked, grunt_ministairs_10,
          uniq_crazy_yiuf_cottage, uniq_pikel
Ossuary:  ossuary_zaba_flooded

Skill      XL: |  1  2  3  4  5 |
---------------+----------------+-----
Stealth        | 2 |  2.0
Dodging        | 2 |  2.0
Fighting       | 1 2 |  2.8
Armour         | 1 2 |  2.3
Spellcasting   | 3 |  3.3
Necromancy     | 5 |  5.5
Evocations     | 1 2 |  2.4
Shields        | |  0.3

Action                   |  1- 3 |  4- 6 || total
-------------------------+-------+-------++-------
Melee: Dagger            |    18 |    88 ||   106
 Cast: Necrotise         |    74 |    67 ||   141
       Vampiric Draining |     1 |     2 ||     3
Evoke: Wand              |       |     7 ||     7
  Use: Scroll            |       |    11 ||    11
       Potion            |       |     3 ||     3
 Stab: Sleeping          |       |     2 ||     2
Armor: Robe              |     3 |     2 ||     5
       Leather armour    |       |    46 ||    46
Dodge: Dodged            |    31 |   121 ||   152
Block: Buckler           |       |    11 ||    11

Table legend: (Time is in decaauts)
 A = Elapsed time spent in this place.
 B = Non-inter-level travel time spent in this place.
 C = Inter-level travel time spent in this place.
 D = Time resting spent in this place.
 E = Time spent auto-exploring this place.
 F = Levels seen in this place.
 G = Mean time per level.
                   A        B        C        D        E       F      G
               +--------+--------+--------+--------+--------+-----+--------+
         Total |   4087 |   3996 |     91 |    896 |   2309 |   6 |  681.2 |
       Dungeon |   4071 |   3980 |     91 |    894 |   2309 |   5 |  814.2 |
       Ossuary |     15 |     15 |      0 |      2 |      0 |   1 |   15.0 |
               +--------+--------+--------+--------+--------+-----+--------+

Top non-repeatable levels by time:
     D:1: 1909 daAuts
     D:3: 934 daAuts
     D:2: 907 daAuts
     D:4: 254 daAuts
     D:5: 65 daAuts
 Ossuary: 15 daAuts
